AoeStats
← Kubajs

MegaRandom

504577106Analyzed
3v3 RM · 27d ago on Sep 5, 2026· 45m 16s· 6 players
Game mode
Random Map
Map size
Normal (6 player)
Population
200
Speed
Normal
Resources
Standard
Victory
Conquest
Starting age
Dark Age
Ending age
Imperial Age
RankedLock teamsTeams togetherTeam positionsShared explorationLock speedFull tech treeHidden civsTurbo modeCheats
Victory
Defeat
🇺🇸 Bohemians · United States
847
+13
🇺🇸 Tupi · United States
831
+13
🇫🇷 Teutons · France
792
+15
🇨🇿 Franks · Czechia
871
-48
🇨🇿 Burgundians · Czechia
727
-30
🇨🇿 Portuguese · Czechia
727
-30
Rislo69
12:00 Feudal Age
22:43 Castle Age
21:01 Stone Mining
20:55 Horse Collar
21:30 Double-Bit Axe
25:12 Bloodlines
28:02 Heavy Plow
28:15 Bow Saw
30:34 Town Watch
30:35 Loom
31:26 Wheelbarrow
36:12 Imperial Age
35:51 Hand Cart
36:05 Forging
36:01 Scale Barding Armor
35:57 Scale Mail Armor
37:21 Conscription
37:17 Cavalier
38:36 Squires
38:22 Arson
39:31 Town Patrol
39:07 Pikeman
39:34 Gambesons
39:34 Onager
41:28 Hoardings
41:38 Paladin
41:48 Elite Skirmisher
43:16 Caravan
44:27 Iron Casting
44:08 Chain Mail Armor
44:14 Chain Barding Armor
43:55 Padded Archer Armor
44:46 Elite Teutonic Knight
DiggleShmiggle
15:44 Feudal Age
20:06 Castle Age
17:55 Fishing Lines
19:34 Wheelbarrow
18:44 Horse Collar
18:54 Double-Bit Axe
20:49 Gillnets
21:21 Padded Archer Armor
21:42 Bow Saw
23:15 Horse Collar
23:27 Gold Mining
23:34 Gold Mining
23:37 Stone Mining
24:08 Padded Archer Armor
24:02 Fletching
24:59 Hand Cart
25:40 Heavy Plow
29:40 Gold Shaft Mining
35:20 Imperial Age
35:28 Ballistics
37:19 Two-Man Saw
35:57 Elite Blackwood Archer
37:03 Curare
38:49 Chemistry
38:42 Onager
41:53 Bodkin Arrow
42:14 Leather Archer Armor
42:46 Bracer
sweet_gooch
8:53 Loom
14:13 Feudal Age
16:53 Forging
16:44 Scale Mail Armor
18:05 Fishing Lines
21:32 Horse Collar
21:43 Double-Bit Axe
22:30 Scale Mail Armor
23:12 Wheelbarrow
26:50 Castle Age
28:19 Hand Cart
29:01 Gillnets
30:21 Chemistry
34:36 Fletching
34:46 Padded Archer Armor
39:34 Imperial Age
39:18 Bow Saw
39:59 Pikeman
40:39 Squires
42:06 Horse Collar
42:46 Fervor
Mxtzy
13:23 Feudal Age
11:39 Fishing Lines
12:52 Double-Bit Axe
17:46 Gold Mining
20:22 Castle Age
18:21 Horse Collar
18:36 Stone Mining
19:11 Gillnets
24:09 Man-at-Arms
25:41 Squires
32:12 Bow Saw
32:04 Heavy Plow
34:00 Stone Shaft Mining
33:57 Scale Barding Armor
42:51 Imperial Age
Kubajs
10:54 Feudal Age
17:17 Castle Age
19:05 Double-Bit Axe
21:31 Bow Saw
22:56 Town Watch
25:51 Fishing Lines
28:39 Wheelbarrow
30:21 Gillnets
32:38 Hand Cart
32:24 Town Patrol
32:18 Stone Mining
32:19 Gold Mining
32:38 Scale Barding Armor
32:44 Forging
32:35 Scale Mail Armor
33:01 Loom
33:26 Husbandry
34:21 Gold Shaft Mining
38:15 Imperial Age
39:03 Cavalier
41:35 Chemistry
40:56 Paladin
44:00 Iron Casting
44:16 Elite Throwing Axeman
45:32 Chain Barding Armor
46:12 Blast Furnace
45:28 Chain Mail Armor
パジャ
12:10 Feudal Age
12:31 Horse Collar
12:37 Double-Bit Axe
15:09 Gold Mining
21:05 Castle Age
21:50 Pikeman
38:08 Imperial Age
38:10 Halberdier
40:11 Chemistry
39:31 Ballistics
40:35 Padded Archer Armor
40:25 Fletching
40:46 Forging
40:37 Scale Mail Armor
42:20 Bow Saw
42:04 Stone Mining
42:24 Heavy Plow
Connection lost

Rejoining the realm…

Still unreachable

The connection could not be restored.

Session expired

The server has moved on; the page needs a fresh start.